 Dungeon Crawl Stone Soup version 0.22.1-1-ga44c0e56f4 (webtiles) character file.

100 Ivernyr the Magician (level 4, -1/36 HPs)
             Began as a Naga Wizard on Oct 19, 2018.
             Slain by an orc
             ... wielding a +0 hand axe
              (9 damage)
             ... on level 3 of the Dungeon.
             The game lasted 00:11:56 (3382 turns).

Ivernyr the Magician (Naga Wizard)                  Turns: 3382, Time: 00:11:56

Health: -1/36      AC:  2    Str:  9    XL:     4   Next: 73%
Magic:  0/10       EV:  9    Int: 20    God:
Gold:   198        SH:  0    Dex:  9    Spells: 2/11 levels left

rFire    . . .     SeeInvis +   (no weapon)
rCold    . . .     Gourm    .   (no shield)
rNeg     . . .     Faith    .   a - +0 robe
rPois    +         Spirit   .   b - +0 hat
rElec    .         Reflect  .   (no cloak)
rCorr    .         Harm     .   (no gloves)
MR       +....                  (no barding)
Stlth    +.........             (no amulet)
HPRegen  0.12/turn              q - ring of attention (curse)
MPRegen  0.12/turn              s - ring of protection from magic

@: short of breath, very slightly contaminated, heavily drained, very slow
A: large, see invisible, deformed body, poison resistance, slowness 2, slow
metabolism 1, spit poison 1, AC +1
a: Spit Poison


You were on level 3 of the Dungeon.
You were hungry.

You visited 1 branch of the dungeon, and saw 3 of its levels.

You collected 198 gold pieces.

Inventory:

Armour
 a - a +0 robe (worn)
 b - a +0 hat (worn)
Jewellery
 q - a cursed ring of attention (left hand)
 s - a ring of protection from magic (right hand)
Wands
 u - a wand of iceblast (4)
Scrolls
 c - 5 scrolls of identify {unknown}
 e - a scroll of noise {unknown}
 f - a scroll of blinking {unknown}
 g - 2 scrolls of amnesia {unknown}
 h - a scroll of enchant armour {unknown}
 k - a scroll of magic mapping {unknown}
 m - 2 scrolls of remove curse {unknown}
 o - a scroll of immolation {unknown}
 r - 2 scrolls of teleportation {unknown}
Potions
 i - a potion of haste {unknown}
 j - a potion of heal wounds {unknown}
 l - 2 potions of agility {unknown}
 n - a potion of berserk rage {unknown}
 p - a potion of mutation {unknown}
 t - a potion of brilliance {unknown}
Comestibles
 d - 6 rations


   Skills:
 - Level 1.5(0.4) Dodging
 - Level 3.0(1.8) Stealth
 + Level 4.1(2.9) Spellcasting
 + Level 3.1(1.9) Conjurations
   Level 1.0(0.0) Summonings
 - Level 1.0(0.0) Translocations


You had 2 spell levels left.
You knew the following spells:

 Your Spells              Type           Power        Failure   Level  Hunger
a - Magic Dart            Conj           ##..         6%          1    None
b - Blink                 Tloc           N/A          22%         2    ##.....
c - Conjure Flame         Conj/Fire      #.......     28%         3    ###....
d - Mephitic Cloud        Conj/Pois/Air  #.......     32%         3    ###....

Your spell library contained the following spells:

 Spells                   Type           Power        Failure   Level  Hunger
 Call Imp                 Summ           #.......     22%         2    ##.....
 Slow                     Hex            #.......     22%         2    ##.....


Dungeon Overview and Level Annotations

Branches:
Dungeon (3/15)

Altars:
Elyvilon
Wu Jian
The Shining One


Innate Abilities, Weirdness & Mutations

You cannot wear boots.
Your serpentine skin is tough. (AC +1)
You have supernaturally acute eyesight. (SInv)
Armour fits poorly on your strangely shaped body.
Your system is resistant to poisons. (rPois)
You cover ground very slowly.
You have a slow metabolism.
You can spit poison.


Message History

Press: ? - help, Shift-Dir - straight line, f/p - orc
Aim: an orc, wielding a hand axe and wearing a scale mail (heavily wounded)
The magic dart hits the orc.
The orc is almost dead.
The orc hits you with a hand axe.
* * * LOW HITPOINT WARNING * * *
You have got your breath back.
Press: ? - help, Shift-Dir - straight line, f/p - orc
Aim: an orc, wielding a hand axe and wearing a scale mail (severely wounded)
Okay, then.
Unknown command.
Unknown command.
Press: ? - help, Shift-Dir - straight line, f/p - orc
Aim: an orc, wielding a hand axe and wearing a scale mail (severely wounded)
The splash of poison hits the orc.
The orc appears unharmed.
The orc is severely wounded.
You feel slightly more hungry. The orc hits you with a hand axe.
* * * LOW HITPOINT WARNING * * *
The orc hits you with a hand axe!
You die...

#...##.####.# ### ##
##.###.# #.# #.# o. #.# #.#
#.# #.# o# #.###.# #.# #>#
.# #...#.####.#####.#
#.#####.
###.#..........†.###......#
####..#####o#####...........
#.........#o# ##>....#####
#.###.###.#@# ###...#.# #.#
#.###.#.####.......## #.#
#.##................#### #.#
#.#.....####............ #.#
#........##.##...#.##### #.#
#..........#.#...#.## #.#
##........###.#.##..## #.#
##......## ##.....#.# #.#
##.>.##.###.#.###.##


You could see 2 orcs.

Vanquished Creatures
  3 adders
  A worm (D:2)
  2 dart slugs
  A leopard gecko (D:3)
  4 orcs
  10 bats
  4 giant cockroaches
  9 goblins
  10 hobgoblins
  4 kobolds
  A ball python (D:3)
  5 frilled lizards
  6 rats
60 creatures vanquished.

Notes
Turn   | Place    | Note
-------+----------+-------------------------------------------
     0 | D:1      | Ivernyr the Naga Wizard began the quest for the Orb.
     0 | D:1      | Reached XP level 1. HP: 15/15 MP: 4/4
     6 | D:1      | Noticed a swamp worm
     6 | D:1      | Noticed a komodo dragon
     6 | D:1      | Noticed a wolf
     7 | D:1      | Noticed a wyvern
     7 | D:1      | Noticed a salamander
   197 | D:1      | Reached XP level 2. HP: 22/22 MP: 1/6
   248 | D:1      | Learned a level 2 spell: Blink
   834 | D:1      | Reached XP level 3. HP: 28/28 MP: 2/7
  1299 | D:2      | Found an ornate altar of the Wu Jian Council.
  1333 | D:2      | Found a glowing golden altar of the Shining One.
  1871 | D:2      | Learned a level 3 spell: Conjure Flame
  1875 | D:2      | Learned a level 3 spell: Mephitic Cloud
  2166 | D:2      | Reached XP level 4. HP: 36/36 MP: 3/9
  2751 | D:3      | Reached skill level 4 in Spellcasting
  2953 | D:3      | Found a white marble altar of Elyvilon.
  3382 | D:3      | Slain by an orc

Skill      XL: |  1  2  3  4 |
---------------+-------------+-----
Conjurations   | 2 3 |  3.1
Spellcasting   | 4 |  4.1
Dodging        | |  1.5
Stealth        | |  3.0
Summonings     | |  1.0
Translocations | |  1.0

Action                   |  1- 3 |  4- 6 || total
-------------------------+-------+-------++-------
Melee: Unarmed           |     8 |    11 ||    19
 Cast: Magic Dart        |    99 |    61 ||   160
       Mephitic Cloud    |       |     2 ||     2
 Abil: Spit Poison       |     4 |    10 ||    14
  Eat: Chunk             |     2 |     4 ||     6
Armor: Robe              |     5 |     5 ||    10
Dodge: Dodged            |    16 |    18 ||    34
